 Dungeon Crawl Stone Soup version 0.29-a0-559-g359e09b9d1 (webtiles) character file.

Game seed: 2185422749110406808

778 Leeroy the Firebug (level 8, -2/50 (63) HPs)
             Began as a Meteoran Cinder Acolyte on June 9, 2022.
             Was a High Priest of Ignis.
             Slain by a gnoll
             ... wielding a +0 flail
             ... led by a gnoll shaman
              (10 damage)
             ... on level 5 of the Dungeon.
             The game lasted 00:14:09 (2921 turns).

Leeroy the Firebug (Meteoran Cinder Acolyte)        Turns: 2921, Time: 00:14:10

HP:   -2/50 (63)    AC:  4    Str: 18    XL:     8   Next: 32%
MP:   7/13          EV: 13    Int: 22    God:    Ignis [*****.]
Gold: 308           SH:  0    Dex:  9    Spells: 11/13 levels left

rFire   + . .      SeeInvis .   a - -1 falchion (flame)
rCold   . . .      Faith    .   (no shield)
rNeg    . . .      Spirit   .   b - +0 robe
rPois   .          Reflect  .   (no helmet)
rElec   .          Harm     .   (no cloak)
rCorr   .          Rampage  .   n - +1 Delatra's gloves {ID++}
Will    +....                   (no boots)
Stlth   +.........              o - amulet "Zurphutij" {Acrobat +Blink Int+6}
HPRegen 0.16/turn               (no ring)
MPRegen 0.13/turn               (no ring)

@: glowing, heavily drained
A: sense surroundings 1, otherworldly, glowing, explore regen
a: Renounce Religion, Evoke Blink, Fiery Armour, Foxfire Swarm, Rising Flame


You were on level 5 of the Dungeon.
You worshipped Ignis.
Ignis was extremely pleased with you.
You visited 1 branch of the dungeon, and saw 5 of its levels.

You collected 308 gold pieces.

Inventory:

Hand Weapons
 a - a -1 falchion of flaming (weapon)
 f - a +1 short sword of flaming
 h - a +3 dagger
 j - a +2 dagger of holy wrath
Missiles
 g - a throwing net (quivered)
Armour
 b - a +0 robe (worn)
 n - the +1 Delatra's gloves (worn) {ID++}
   (You found it on level 3 of the Dungeon)

   It heals its wearer when they drink unknown potions.
   It restores its wearer's MP when they read unknown scrolls.
Jewellery
 l - a ring of ice
 o - the amulet "Zurphutij" (around neck) {Acrobat +Blink Int+6}
   (You found it on level 3 of the Dungeon)

   [amulet of the acrobat]

   It increases your evasion while moving and waiting.
   Int:       It affects your intelligence (+6).
   +Blink:    It lets you blink.
 t - an amulet of guardian spirit
Wands
 q - a wand of iceblast (10)
 r - a wand of paralysis (13)
 w - a wand of charming (10)
Scrolls
 c - 2 scrolls of teleportation
 d - 4 scrolls of identify {unknown}
 e - 3 scrolls of silence {unknown}
 i - a scroll of fear {unknown}
 k - a scroll of blinking {unknown}
 m - a scroll of magic mapping {unknown}
 p - a scroll of enchant weapon {unknown}
 s - a scroll of acquirement {unknown}
 u - a scroll of brand weapon {unknown}
 v - a scroll of fog {unknown}
Potions
 x - a potion of degeneration {unknown}
 z - a potion of lignification {unknown}
 A - a potion of invisibility {unknown}


   Skills:
 - Level 3.2 Fighting
 - Level 6.4 Long Blades
 - Level 5.1 Dodging
 + Level 3.1 Spellcasting
 - Level 7.0 Fire Magic


You had 11 spell levels left.
You knew the following spells:

 Your Spells              Type           Power      Damage    Failure   Level
a - Scorch                Fire           68%        2d8       1%          2

Your spell library contained the following spells:

 Spells                   Type           Power      Damage    Failure   Level
 Necrotize                Necr           12%        1d4       12%         1
 Sandblast                Erth           6%         2d5       12%         1
 Passwall                 Tmut/Erth      2%         N/A       19%         2
 Call Canine Familiar     Summ           3%         N/A       36%         3
 Ozocubu's Armour         Ice            3%         N/A       36%         3
 Portal Projectile        Hex/Tloc       6%         N/A       36%         3
 Stone Arrow              Conj/Erth      6%         3d7       36%         3
 Vampiric Draining        Necr           3%         2d6       36%         3
 Leda's Liquefaction      Hex/Erth       1%         N/A       77%         4
 Agony                    Necr           3%         N/A       98%         5
 Ozocubu's Refrigeration  Ice            1%         4d5       100%        7


Dungeon Overview and Level Annotations

Branches:
Dungeon (5/15)
 Temple: D:4-7

Altars:
Kikubaaqudgha
Trog


Innate Abilities, Weirdness & Mutations

You passively map a small area around you.
You are easily found by Zot.
You glow in the dark.
You regain HP and MP as you explore.


Message History

Casting: Scorch (safe; 1% risk of failure)
Confirm with . or Enter, or press ? or * to list all spells.
Flames lash the gnoll.
The gnoll is burned terribly!
You kill the gnoll!
You now have 308 gold pieces (gained 10).
There are no items here.
Casting: Scorch (safe; 1% risk of failure)
Confirm with . or Enter, or press ? or * to list all spells.
Flames lash the gnoll.
The gnoll is moderately wounded.
The gnoll's fire resistance burns away.
The gnoll closely misses you.
You closely miss the gnoll.
The gnoll is moderately wounded.
The gnoll hits you with a +0 flail.
You barely miss the gnoll.
The gnoll is moderately wounded.
The gnoll hits you with a +0 flail.
You closely miss the gnoll.
The gnoll is moderately wounded.
The gnoll is no longer more vulnerable to fire.
The gnoll hits you with a +0 flail.
You completely miss the gnoll.
The gnoll is moderately wounded.
The gnoll hits you with a +0 flail.
You barely miss the gnoll.
The gnoll is moderately wounded.
The gnoll closely misses you.
You hit the gnoll but do no damage.
The gnoll is moderately wounded.
The gnoll hits you with a +0 flail!
You barely miss the gnoll.
The gnoll is moderately wounded.
The gnoll hits you with a +0 flail!
* * * LOW HITPOINT WARNING * * *
Casting: Scorch (safe; 1% risk of failure)
Confirm with . or Enter, or press ? or * to list all spells.
Flames lash the gnoll.
The gnoll is heavily wounded.
The gnoll's fire resistance burns away.
The gnoll hits you with a +0 flail!
You die...

........#.#.#.....#####..####
........#.#.###..##... ## #
.......#.#..##..#...., .., ,,
.........##.##.##..#** .
*###.##.###.#..#..# * #..<.#
#....#Z.# , ##.### ##...#Z.#
,, , #.######g..##
###..#...@....#, ,* ,
#.........)...# ,
#..##......)....# , #.#
#...........#* , ...,
#.)..........# * , ...
#.............. ..
#.............( * , ,
,#.............., , , ,
,...............,


You could see a gnoll (combustible) and a hornet simulacrum.

Vanquished Creatures
  Grinder (D:3)
  An ogre (D:5)
  A black bear (D:5)
  2 jellies
  A gnoll shaman (D:4)
  2 orc wizards
  Natasha (thrice) (D:3)
  An iguana (D:4)
  4 gnolls
  6 adders
  A dart slug (D:3)
  10 orcs
  5 bats
  5 endoplasms
  4 giant cockroaches
  11 goblins
  8 hobgoblins
  3 jackals (D:3)
  A quokka (D:2)
  3 ball pythons
  3 frilled lizards (D:1)
  6 kobolds
  8 rats
90 creatures vanquished.

Vanquished Creatures (others)
  2 fungi (D:1)
2 creatures vanquished.

Grand Total: 92 creatures vanquished

Notes
Turn   | Place    | Note
-------+----------+-------------------------------------------
     0 | D:1      | Leeroy the Meteoran Cinder Acolyte began the quest for the
                  | Orb.
     0 | D:1      | Reached XP level 1. HP: 19/19 MP: 3/3
   258 | D:1      | Reached XP level 2. HP: 22/26 MP: 5/5
   264 | D:1      | Reached skill level 4 in Fire Magic
   409 | D:1      | Reached XP level 3. HP: 31/31 MP: 6/6
   499 | D:1      | Glimpsed the power of Zot.
  1041 | D:2      | Reached XP level 4. HP: 34/38 MP: 7/7
  1324 | D:2      | Found a faded altar of an unknown god.
  1367 | D:2      | You fall into a shaft and drop 1 floor!
  1412 | D:3      | Reached skill level 5 in Long Blades
  1412 | D:3      | Reached skill level 5 in Fire Magic
  1412 | D:3      | Reached XP level 5. HP: 10/45 MP: 8/8
  1444 | D:2      | Found a bloodstained altar of Trog.
  1458 | D:2      | Learned a level 2 spell: Scorch
  1644 | D:3      | Noticed Natasha
  1647 | D:3      | Killed Natasha
  1671 | D:3      | Found the +1 Delatra's gloves {ID++}
  1691 | D:3      | Glimpsed the power of Zot.
  1719 | D:3      | Noticed Grinder
  1724 | D:3      | Paralysed by Grinder for 3 turns
  1742 | D:3      | Glimpsed the power of Zot.
  1742 | D:3      | Paralysed by Grinder for 5 turns
  1822 | D:3      | Noticed Natasha
  1834 | D:3      | Killed Natasha
  1856 | D:3      | Identified the amulet "Zurphutij" {Acrobat +Blink Int+6}
  1902 | D:3      | Reached XP level 6. HP: 51/51 MP: 5/9
  1903 | D:3      | Noticed Natasha
  1915 | D:3      | Killed Natasha
  2037 | D:3      | Paralysed by Grinder for 5 turns
  2045 | D:3      | Killed Grinder
  2046 | D:3      | Reached skill level 7 in Fire Magic
  2046 | D:3      | Reached XP level 7. HP: 52/57 MP: 0/10
  2080 | D:4      | Reached skill level 1 in Dodging
  2294 | D:4      | Glimpsed the power of Zot.
  2345 | D:4      | Glimpsed the power of Zot.
  2385 | D:4      | Glimpsed the power of Zot.
  2394 | D:4      | Glimpsed the power of Zot.
  2395 | D:4      | Touched by the power of Zot.
  2496 | D:4      | Glimpsed the power of Zot.
  2546 | D:4      | Glimpsed the power of Zot.
  2586 | D:4      | Glimpsed the power of Zot.
  2595 | D:4      | Glimpsed the power of Zot.
  2596 | D:4      | Touched by the power of Zot.
  2697 | D:4      | Glimpsed the power of Zot.
  2709 | D:5      | Entered Level 5 of the Dungeon
  2761 | D:5      | Found an ancient bone altar of Kikubaaqudgha.
  2787 | D:5      | Reached XP level 8. HP: 23/35 MP: 8/11
  2847 | D:5      | Reached skill level 5 in Dodging
  2921 | D:5      | Slain by a gnoll

Illustrated notes

Levels and vault maps discovered:
D:1:      dpeg_cavernosity, layout_basic
D:2:      layout_loops_ring, basic_altar, shapermc_ecumenical_altar_hornbeckon
D:3:      layout_rooms, uniq_grinder, uniq_natasha
D:4:      layout_gridville, minmay_misc_feat_four_crosses
D:5:      layout_rooms, mainiacjoe_overflow_catwalk, gammafunk_ghost_icy,
          chequers_mini_garden

Skill      XL: |  1  2  3  4  5  6  7  8 |
---------------+-------------------------+-----
Long Blades    | 4 5 6 |  6.4
Fire Magic     | 4 5 7 |  7.0
Dodging        | 4 5 |  5.1
Spellcasting   | 3 |  3.1
Fighting       | |  3.2

Action                   |  1- 3 |  4- 6 |  7- 9 || total
-------------------------+-------+-------+-------++-------
Melee: Falchion          |    18 |       |    59 ||    77
       Short sword       |    74 |    89 |     6 ||   169
       Punch             |       |     3 |     1 ||     4
 Cast: Scorch            |       |    15 |    38 ||    53
Evoke: Wand              |       |       |     2 ||     2
  Use: Scroll            |     1 |     1 |       ||     2
       Potion            |       |     5 |     1 ||     6
Armor: Robe              |    18 |    45 |    18 ||    81
Dodge: Dodged            |    38 |    51 |    29 ||   118

Table legend: (Time is in decaauts)
 A = Elapsed time spent in this place.
 B = Non-inter-level travel time spent in this place.
 C = Inter-level travel time spent in this place.
 D = Time resting spent in this place.
 E = Time spent auto-exploring this place.
 F = Levels seen in this place.
 G = Mean time per level.
                   A        B        C        D        E       F      G
               +--------+--------+--------+--------+--------+-----+--------+
         Total |   2925 |   2771 |    154 |    100 |   1628 |   5 |  585.0 |
       Dungeon |   2925 |   2771 |    154 |    100 |   1628 |   5 |  585.0 |
               +--------+--------+--------+--------+--------+-----+--------+

Top non-repeatable levels by time:
     D:1: 836 daAuts
     D:2: 703 daAuts
     D:4: 696 daAuts
     D:3: 478 daAuts
     D:5: 211 daAuts
